 Dungeon Crawl Stone Soup version 0.19.1 (webtiles) character file.

765 Gargoyl the Distorting Demonspawn (level 7, -1/55 HPs)
             Began as a Demonspawn Abyssal Knight on Nov 23, 2016.
             Was a Believer of Lugonu.
             Slain by mathias's ghost (3 damage)
             ... on level 6 of the Dungeon.
             The game lasted 00:08:29 (5780 turns).

Gargoyl the Distorting Demonspawn (DsAK)            Turns: 5780, Time: 00:08:30

Health: -1/55      AC: 11    Str: 12 (15) XL:     7   Next: 52%
Magic:  10/10      EV:  3    Int: 10 (13) God:    Lugonu [**....]
Gold:   275        SH:  4    Dex:  9 (12) Spells: 0 memorised, 6 levels left

rFire  . . .     SeeInvis .     z - +1 hand axe (freeze)
rCold  . . .     Gourm    .     q - +0 plate armour
rNeg   . . .     Faith    .     (no shield)
rPois  .         Spirit   .     (helmet restricted)
rElec  .         Reflect  .     (no cloak)
rCorr  .         Harm     .     (no gloves)
MR     .....                    (no boots)
Stlth  ..........               (no amulet)
                                (no ring)
                                (no ring)

@: invisible
A: antennae 2, large bone plates 1
a: Depart the Abyss, Bend Space, Renounce Religion


You were on level 6 of the Dungeon.
You worshipped Lugonu.
Lugonu was pleased with you.
You were hungry.

You visited 1 branch of the dungeon, and saw 6 of its levels.
You visited the Abyss 1 time.

You collected 275 gold pieces.

Inventory:

Hand Weapons
 a - a +1 hand axe
 s - a +2 spear of freezing
 z - a +1 hand axe of freezing (weapon)
Missiles
 E - 3 tomahawks (quivered)
Armour
 q - a +0 plate armour (worn)
Wands
 p - a wand of polymorph (14/24)
Scrolls
 f - 2 scrolls of magic mapping
 h - 3 scrolls of identify
 i - a scroll of enchant weapon {unknown}
 k - 3 scrolls of remove curse
 r - 3 scrolls of amnesia
 t - a scroll of fear {unknown}
 w - a scroll of teleportation {unknown}
 y - a scroll of enchant armour {unknown}
 B - 2 scrolls of recharging {unknown}
Potions
 b - a potion of degeneration
 e - 3 potions of invisibility
 m - 2 potions of lignification {unknown}
 n - a potion of flight {unknown}
 o - 2 potions of heal wounds {unknown}
 v - 2 potions of mutation {unknown}
 x - a potion of ambrosia {unknown}
 A - a potion of beneficial mutation {unknown}
 C - a potion of might {unknown}
Comestibles
 c - 5 bread rations
 g - a meat ration
 j - 6 beef jerkies
 u - 3 slices of pizza
 D - 4 chunks of flesh


   Skills:
 + Level 4.8 Fighting
 + Level 4.6 Axes
 * Level 4.2 Armour
 + Level 1.5 Dodging
 * Level 5.1 Invocations


You had 6 spell levels left.
You didn't know any spells.

Dungeon Overview and Level Annotations

Branches:
Dungeon (6/15)             Temple (0/1) D:4

Altars:
Ashenzari
Gozag
Qazlal

Annotations:
D:6 mathias's ghost, novice TrHu


Innate Abilities, Weirdness & Mutations

You have a pair of antennae on your head.
You are partially covered in large bone plates. (SH +4)


Message History

The adder bites you.
* * * LOW HITPOINT WARNING * * *
Okay, then.
You feel better. Mathias's ghost hits you.
* * * LOW HITPOINT WARNING * * *
The adder bites you but does no damage.
It was a potion of degeneration.
There was something very wrong with that liquid.
You feel weakened.
You feel dopey.
You feel clumsy. The adder bites you but does no damage.
Mathias's ghost hits you!
* * * LOW HITPOINT WARNING * * *
You feel better. The adder bites you but does no damage.
Mathias's ghost hits you!
* * * LOW HITPOINT WARNING * * *
It was a potion of invisibility.
You fade into invisibility!
An orc wizard appears from thin air!
Reactivating autopickup.
The adder bites you but does no damage. Mathias's ghost hits you.
You die...

****,**,*,**,,,,,,,,,,,* *,* *
*,**,*,*,,,,,,,,,,,,* *,* *
*,,,,*,*,,,,,,,,,,,,* *,* *
****,*,*,,,,,,,,,,,,*******,*
******,,,,,,,,,,,,,,,,,,,,,,,,,*
,,,,,,,,,,,,********,**#*********
,*****,,,,,,* *,,...,,,,,,,,*
,,,,,,,,,,,,*######.....,******,*
*,****,,,,,,*#oS@WS.....,,,,,,,,*
*,,**,,,,,,,*#ยง####.....,******,*
,,,,,,,,,,,,*#.<# *,,...,* ***
*,,,*,,,,,,,*#..# *,,,,.,*
,,,,*,,,,,,,*#..# *,,,,,,*
*,,,*,*,*,*{*#..# *,,,,,,*
*,,,,,*,*,*,*#..# *,,,,,,*
*,,,,,*,*,*,,#o.#*********
**,*,,*,*,,,,.o..,,,,******


You could see an orc wizard, mathias's ghost and 2 adders.

Vanquished Creatures
  A tengu (D:4)
  A bullfrog (D:6)
  The ghost of sheala the Sneak, an amateur DEEn (D:4)
  A scorpion (D:4)
  3 orc wizards
  A hound (D:4)
  3 orc priests
  3 worker ants
  7 gnolls
  A howler monkey skeleton (D:5)
  3 adders
  3 oozes
  4 worms
  3 dart slugs
  A leopard gecko (D:1)
  16 orcs
  2 giant cockroaches
  9 goblins
  12 hobgoblins
  2 quokkas
  A ball python (D:1)
  5 bats
  4 frilled lizards
  A jackal skeleton (D:4)
  A jackal zombie (D:5)
  7 kobolds
  A quokka skeleton (D:4)
  9 rats
106 creatures vanquished.

Notes
Turn   | Place    | Note
-------+----------+-------------------------------------------
     0 | Abyss:1  | Gargoyl the Demonspawn Abyssal Knight began the quest for the Orb.
     0 | Abyss:1  | Reached XP level 1. HP: 18/18 MP: 2/2
   112 | Abyss:2  | Noticed a thrashing horror
   116 | D:1      | Escaped the Abyss
   179 | D:1      | Reached skill level 1 in Dodging
   533 | D:1      | Gained mutation: You have a pair of small antennae on your head. [demonic ancestry]
   533 | D:1      | Reached XP level 2. HP: 24/24 MP: 3/3
   908 | D:1      | Reached XP level 3. HP: 15/29 MP: 5/5
  1328 | D:1      | Reached * piety under Lugonu
  1433 | D:2      | Found a faded altar of an unknown god.
  1438 | D:2      | Reached skill level 3 in Invocations
  1880 | D:2      | Found an opulent altar of Gozag.
  1979 | D:2      | Reached XP level 4. HP: 31/35 MP: 6/6
  3312 | D:3      | Gained mutation: You have a pair of antennae on your head. [demonic ancestry]
  3312 | D:3      | Reached XP level 5. HP: 29/42 MP: 7/7
  3314 | D:3      | Reached ** piety under Lugonu
  3472 | D:4      | Found a staircase to the Ecumenical Temple.
  3653 | D:4      | Found a stormy altar of Qazlal.
  3654 | D:4      | Noticed sheala's ghost (amateur DEEn)
  3695 | D:4      | Killed sheala's ghost
  3780 | D:4      | Reached XP level 6. HP: 49/49 MP: 8/8
  4071 | D:4      | Found a shattered altar of Ashenzari.
  4217 | D:4      | Reached skill level 4 in Invocations
  5167 | D:5      | Entered Level 5 of the Dungeon
  5313 | D:4      | Gained mutation: You are partially covered in large bone plates. (SH +4) [demonic ancestry]
  5313 | D:4      | Reached XP level 7. HP: 30/55 MP: 10/10
  5631 | D:5      | Found a stormy altar of Qazlal.
  5754 | D:6      | Reached skill level 5 in Invocations
  5766 | D:6      | Noticed mathias's ghost (novice TrHu)
  5779 | D:6      | HP: 2/55 [mathias's ghost (12)]
  5780 | D:6      | Slain by mathias's ghost

Skill      XL: |  1  2  3  4  5  6  7 |
---------------+----------------------+-----
Dodging        | 1 |  1.5
Armour         | 2 3 4 |  4.2
Invocations    | 3 4 5 |  5.1
Axes           | 2 3 4 |  4.6
Fighting       | 4 |  4.8

Action                   |  1- 3 |  4- 6 |  7- 9 || total
-------------------------+-------+-------+-------++-------
Melee: Hand axe          |   114 |   318 |    64 ||   496
Invok: Depart the Abyss  |     1 |       |       ||     1
Evoke: Wand              |       |     2 |       ||     2
  Use: Potion            |       |       |     6 ||     6
       Scroll            |       |       |     5 ||     5
  Eat: Chunk             |     3 |     8 |       ||    11
       Bread ration      |       |     1 |       ||     1
Armor: Chain mail        |    69 |       |       ||    69
       Plate armour      |    12 |   277 |    68 ||   357
Dodge: Dodged            |    38 |    75 |    23 ||   136
Block: Other             |       |       |    18 ||    18
